 Dungeon Crawl Stone Soup version 0.28.0-53-g5a82cb258f (webtiles) character file.

Game seed: 12531538396649209214

58 Plasmagod the Ruffian (level 3, -4/28 HPs)
             Began as a Draconian Transmuter on Aug 2, 2022.
             Slain by Sigmund
             ... wielding a +0 scythe
              (11 damage)
             ... on level 2 of the Dungeon.
             The game lasted 00:02:19 (1249 turns).

Plasmagod the Ruffian (Draconian Transmuter)        Turns: 1249, Time: 00:02:19

Health: -4/28      AC:  5    Str: 12    XL:     3   Next: 75%
Magic:  7/7        EV: 12    Int: 15    God:
Gold:   83         SH:  0    Dex: 11    Spells: 6/7 levels left

rFire   . . .      SeeInvis .     - Unarmed
rCold   . . .      Faith    .   (no shield)
rNeg    . . .      Spirit   .   (armour unavailable)
rPois   .          Reflect  .   (helmet restricted)
rElec   .          Harm     .   (no cloak)
rCorr   .          Rampage  .   (no gloves)
Will    .....                   (no boots)
Stlth   +.........              (no amulet)
HPRegen 0.09/turn               (no ring)
MPRegen 0.10/turn               (no ring)

@: no status effects
A: AC +5, unfitting armour, cold-blooded
a: no special abilities


You were on level 2 of the Dungeon.
You visited 1 branch of the dungeon, and saw 2 of its levels.

You collected 83 gold pieces.

Inventory:

Missiles
 b - 8 poisoned darts (quivered)
Scrolls
 c - a scroll of brand weapon {unknown}
 d - 2 scrolls of blinking {unknown}
 f - 3 scrolls of identify {unknown}
 h - a scroll of immolation {unknown}
 i - a scroll of magic mapping {unknown}
 j - a scroll of fear {unknown}
Potions
 a - a potion of haste {unknown}
 e - 2 potions of curing {unknown}
 g - a potion of resistance {unknown}


   Skills:
 - Level 1.1 Fighting
 - Level 1.7 Dodging
 - Level 3.0 Unarmed Combat
 + Level 2.7 Spellcasting
 + Level 2.9 Transmutations
 + Level 1.8 Ice Magic


You had 6 spell levels left.
You knew the following spells:

 Your Spells              Type           Power      Damage    Failure   Level
a - Beastly Appendage     Tmut           20%        N/A       6%          1

Your spell library contained the following spells:

 Spells                   Type           Power      Damage    Failure   Level
 Wereblood                Tmut           10%        N/A       10%         2
 Spider Form              Tmut/Pois      6%         N/A       34%         3
 Ice Form                 Ice/Tmut       9%         N/A       61%         4


Dungeon Overview and Level Annotations

Branches:
Dungeon (2/15)

Altars:

Annotations:
D:2 Sigmund


Innate Abilities, Weirdness & Mutations

Your plain brown scales are hard. (AC +5)
You cannot fit into any form of body armour.
You are cold-blooded and may be slowed by cold attacks.


Message History

b - 10 poisoned darts (gained 5)
You closely miss the rat. The rat bites you but does no damage.
You hit the rat.
You kill the rat!
No target in view!
Your transformation is almost over.
Sigmund the Dreaded comes into view.
He is wielding a +0 scythe.
Sigmund shouts!
Casting: Beastly Appendage (safe; 6% risk of failure)
Press: ? - help, Q - select action, (/) - cycle Dir - look around, f - activate
Okay, then.
You throw a poisoned dart. The poisoned dart hits Sigmund.
Your horns disappear.
Your talons disappear.
Sigmund hits you but does no damage.
You throw a poisoned dart. The poisoned dart hits Sigmund.
Sigmund mumbles some strange words.
Sigmund flickers and vanishes!
Deactivating autopickup; reactivate with Ctrl-A.
No target in view!
You are confused.
You bump into the rock wall.
Something hits you! Something hits you!
You bump into the rock wall.
You hear some strange, mumbled words.
Something tries to affect you, but you resist.
You bump into the rock wall.
Something completely misses you.
You bump into the rock wall.
You feel less confused. Something hits you.
You are confused.
You're too confused to move!
You bump into the rock wall.
You bump into the rock wall.
Something hits you.
* * * LOW HITPOINT WARNING * * *
You bump into the rock wall.
You bump into the rock wall.
You feel less confused. Something hits you!
You die...

#..# #.# ##.# #.#
#.###.# #..##.#
##.##.# ########
#..#.# #.......
##.#.###########.####
#...............#
##.@#############
#..# ##># ###


There were no monsters in sight!

Vanquished Creatures
  A gnoll (D:1)
  An adder (D:2)
  A dart slug (D:1)
  5 ball pythons
  7 bats
  3 endoplasms (D:1)
  A giant cockroach (D:2)
  2 goblins (D:1)
  3 hobgoblins (D:1)
  2 jackals (D:1)
  2 kobolds (D:1)
  3 quokkas
  2 rats
33 creatures vanquished.

Notes
Turn   | Place    | Note
-------+----------+-------------------------------------------
     0 | D:1      | Plasmagod the Draconian Transmuter began the quest for the
                  | Orb.
     0 | D:1      | Reached XP level 1. HP: 16/16 MP: 3/3
   211 | D:1      | Reached XP level 2. HP: 19/23 MP: 3/5
   212 | D:1      | Reached skill level 1 in Ice Magic
   532 | D:1      | Reached XP level 3. HP: 28/28 MP: 4/6
   592 | D:1      | Found a faded altar of an unknown god.
  1209 | D:2      | Noticed Sigmund
  1249 | D:2      | Slain by Sigmund

Illustrated notes

Levels and vault maps discovered:
D:1:      onia_arrival_mini_maze_b, layout_loops_ring,
          dreamdust_ecumenical_altar_angels_and_demons,
          minmay_misc_feat_pillars, minmay_stone_trees_small
D:2:      layout_basic, uniq_terence, uniq_sigmund

Skill      XL: |  1  2 |
---------------+-------+-----
Ice Magic      | 1 |  1.8
Fighting       | |  1.1
Dodging        | |  1.7
Unarmed Combat | |  3.0
Spellcasting   | |  2.7
Transmutations | |  2.9

Action                   || total
-------------------------++-------
Melee: Unarmed           ||    68
       Headbutt          ||     8
       Kick              ||    17
       Tailslap          ||     8
       Punch             ||     3
Throw: Dart              ||     2
 Cast: Beastly Appendage ||    18
Armor: Skin              ||    24
Dodge: Dodged            ||    42
